3AA
OTTAWA NATIONALS @ CASPER GHOSTS
06/21/2029
 
TOP OF THE 1ST
Ottawa Nationals batting - Pitching for Casper Ghosts : RHP Robert Cagle
Pitching: RHP Robert Cagle
Batting: LHB Ken Stroud 0-0: Ball
1-0: Ball
2-0: Ball
3-0: Called Strike
3-1: Ground out 4-3 (Groundball, 4)
Batting: SHB Tristan Shanks 0-0: Called Strike
0-1: Ball
1-1: Ball
2-1: Swinging Strike
2-2: Foul Ball, location: 2F
2-2: Strikes out looking
Batting: RHB Ron Bernard 0-0: Ball
1-0: Called Strike
1-1: Ball
2-1: Swinging Strike
2-2: Foul Ball, location: 2F
2-2: Ball
3-2: Base on Balls
Batting: LHB José Gómez 0-0: Ball
1-0: Ball
2-0: DOUBLE (Line Drive, 9LM)
Ron Bernard to third
Runner from 3rd tries for Home, SAFE, no throw
Batting: RHB Mike Jennings 0-0: SINGLE (Flyball, 34D)
José Gómez to third
Batting: RHB Juan Román 0-0: Called Strike
0-1: Swinging Strike
0-2: Foul Ball, location: 2F
0-2: Ball
1-2: Ball
2-2: Foul Ball, location: 2F
2-2: Strikes out looking
Top of the 1st over - 1 run, 2 hits, 0 errors, 2 left on base; Ottawa 1 - Casper 0
BOTTOM OF THE 1ST
Casper Ghosts batting - Pitching for Ottawa Nationals : RHP Leão Barro
Pitching: RHP Leão Barro
Batting: LHB Ronald Anderson 0-0: Ball
1-0: Ball
2-0: Ball
3-0: Called Strike
3-1: Base on Balls
Batting: RHB José Córdova 0-0: Ball
1-0: Called Strike
1-1: Called Strike
1-2: SINGLE (Groundball, 6D)
Ronald Anderson to second
Batting: RHB Derek Bangert 0-0: Foul Ball, location: 2F
0-1: Foul Ball, location: 2F
0-2: Ball
1-2: Fly out, F3 (Popup, 34)
Batting: RHB Jorge Díaz 0-0: Ball
1-0: 3-RUN HOME RUN (Flyball, 9LD), Distance : 350 ft
Batting: RHB Bob Phillips 0-0: Fly out, F6 (Flyball, 56D)
Batting: RHB Steve Weber 0-0: Ball
1-0: Swinging Strike
1-1: Ball
2-1: Swinging Strike
2-2: SINGLE (Groundball, 56D)
Batting: RHB Félix Ramos 0-0: Ball
1-0: Fly out, F8 (Flyball, 8LD)
Bottom of the 1st over - 3 runs, 3 hits, 0 errors, 1 left on base; Ottawa 1 - Casper 3
TOP OF THE 2ND
Ottawa Nationals batting - Pitching for Casper Ghosts : RHP Robert Cagle
Batting: LHB Jesús Mancía 0-0: Ball
1-0: DOUBLE (Line Drive, 89D)
Batting: RHB Jorge Cortés 0-0: Ball
1-0: Ball
2-0: Called Strike
2-1: Called Strike
2-2: Foul Ball, location: 2F
2-2: Strikes out swinging
Batting: RHB Eduardo Morales 0-0: Called Strike
0-1: Swinging Strike
0-2: Ball
1-2: Strikes out swinging
Batting: LHB Ken Stroud 0-0: Ball
1-0: SINGLE (Line Drive, 3D)
Jesús Mancía to third
Runner from 3rd tries for Home, SAFE, no throw
Batting: SHB Tristan Shanks 0-0: Ball
1-0: Ball
2-0: Ball
3-0: Base on Balls
Ken Stroud to second
Batting: RHB Ron Bernard 0-0: Called Strike
0-1: Swinging Strike
0-2: Ball
1-2: Foul Ball, location: 2F
1-2: Strikes out looking
Top of the 2nd over - 1 run, 2 hits, 0 errors, 2 left on base; Ottawa 2 - Casper 3
BOTTOM OF THE 2ND
Casper Ghosts batting - Pitching for Ottawa Nationals : RHP Leão Barro
Batting: RHB Félix Martínez 0-0: Fly out, F8 (Flyball, 8RS)
Batting: RHB Juan Hernández 0-0: SINGLE (Line Drive, 34)
Batting: LHB Ronald Anderson 0-0: Ball
1-0: Ball
2-0: Called Strike
2-1: Ball
3-1: DOUBLE (Line Drive, 78M)
Juan Hernández to third
Runner from 3rd tries for Home, SAFE, no throw
Batting: RHB José Córdova 0-0: Ball
1-0: SINGLE (Line Drive, 8RS)
Ronald Anderson to third
Batting: RHB Derek Bangert 0-0: Ball
José Córdova steals 2nd base
1-0: Called Strike
1-1: Foul Ball, location: 2F
1-2: Ball
2-2: Fly out, F7 (Flyball, 78D)
Runner from 3rd tags up, SCORES, no throw
Batting: RHB Jorge Díaz 0-0: Ball
1-0: Ball
2-0: Ball
3-0: Base on Balls
Batting: RHB Bob Phillips 0-0: Ball
1-0: Ball
2-0: Called Strike
2-1: Foul Ball, location: 2F
2-2: Ball
3-2: Fly out, F8 (Flyball, 89M)
Bottom of the 2nd over - 2 runs, 3 hits, 0 errors, 2 left on base; Ottawa 2 - Casper 5
TOP OF THE 3RD
Ottawa Nationals batting - Pitching for Casper Ghosts : RHP Robert Cagle
Batting: LHB José Gómez 0-0: Ground out 4-3 (Groundball, 4)
Batting: RHB Mike Jennings 0-0: Ball
1-0: Fly out, F5 (Popup, 25F)
Batting: RHB Juan Román 0-0: Ball
1-0: Foul Ball, location: 2F
1-1: Ball
2-1: Foul Ball, location: 2F
2-2: Strikes out looking
Top of the 3rd over - 0 runs, 0 hits, 0 errors, 0 left on base; Ottawa 2 - Casper 5
BOTTOM OF THE 3RD
Casper Ghosts batting - Pitching for Ottawa Nationals : RHP Leão Barro
Batting: RHB Steve Weber 0-0: Ball
1-0: Ball
2-0: Ball
3-0: Called Strike
3-1: Called Strike
3-2: Foul Ball, location: 2F
3-2: SINGLE (Groundball, 34D)
Pitching: RHP Fernando Espinosa
Batting: RHB Félix Ramos 0-0: Swinging Strike
0-1: Ball
1-1: Ball
2-1: Ball
3-1: Foul Ball, location: 2F
3-2: Base on Balls
Steve Weber to second
Batting: RHB Félix Martínez 0-0: Ball
1-0: Called Strike
1-1: Grounds into double play, 3-6-3 (Groundball, 34)
Steve Weber to third
Batting: RHB Juan Hernández 0-0: DOUBLE (Groundball, 5L)
Steve Weber scores
Batting: LHB Ronald Anderson 0-0: Foul Ball, location: 2F
0-1: Swinging Strike
0-2: Fly out, F7 (Line Drive, 78M)
Bottom of the 3rd over - 1 run, 2 hits, 0 errors, 1 left on base; Ottawa 2 - Casper 6
TOP OF THE 4TH
Ottawa Nationals batting - Pitching for Casper Ghosts : RHP Robert Cagle
Batting: LHB Jesús Mancía 0-0: Ball
1-0: Ball
2-0: Ball
3-0: Called Strike
3-1: Base on Balls
Batting: RHB Jorge Cortés 0-0: Called Strike
0-1: Grounds into double play, 4-6-3 (Groundball, 4)
Batting: RHB Eduardo Morales 0-0: Fly out, F7 (Flyball, 78D)
Top of the 4th over - 0 runs, 0 hits, 0 errors, 0 left on base; Ottawa 2 - Casper 6
BOTTOM OF THE 4TH
Casper Ghosts batting - Pitching for Ottawa Nationals : RHP Fernando Espinosa
Batting: RHB José Córdova 0-0: Ball
1-0: Foul Ball, location: 2F
1-1: Ball
2-1: Foul Ball, location: 2F
2-2: Ground out 3-1 (Groundball, 34)
Batting: RHB Derek Bangert 0-0: Ball
1-0: Ball
2-0: Foul Ball, location: 2F
2-1: DOUBLE (Flyball, 89XD)
Batting: RHB Jorge Díaz 0-0: Ball
1-0: Swinging Strike
1-1: Swinging Strike
1-2: Ball
2-2: Fly out, F7 (Flyball, 78M)
Batting: RHB Bob Phillips 0-0: Called Strike
0-1: Ball
1-1: Foul Ball, location: 2F
1-2: Foul Ball, location: 2F
1-2: Foul Ball, location: 2F
1-2: Foul Ball, location: 2F
1-2: Ball
2-2: Fly out, F8 (Flyball, 78D)
Bottom of the 4th over - 0 runs, 1 hit, 0 errors, 1 left on base; Ottawa 2 - Casper 6
TOP OF THE 5TH
Ottawa Nationals batting - Pitching for Casper Ghosts : RHP Robert Cagle
Batting: LHB Ken Stroud 0-0: Ball
1-0: Ball
2-0: Swinging Strike
2-1: Called Strike
2-2: Strikes out swinging
Batting: SHB Tristan Shanks 0-0: Ball
1-0: Fly out, F7 (Line Drive, 7LD)
Batting: RHB Ron Bernard 0-0: Ball
1-0: Swinging Strike
1-1: Ball
2-1: Called Strike
2-2: Ball
3-2: Fly out, F7 (Flyball, 7LDF)
Top of the 5th over - 0 runs, 0 hits, 0 errors, 0 left on base; Ottawa 2 - Casper 6
BOTTOM OF THE 5TH
Casper Ghosts batting - Pitching for Ottawa Nationals : RHP Fernando Espinosa
Batting: RHB Steve Weber 0-0: Ball
1-0: Called Strike
1-1: Ball
2-1: Foul Ball, location: 2F
2-2: Strikes out swinging
Batting: RHB Félix Ramos 0-0: Foul Ball, location: 2F
0-1: Swinging Strike
0-2: Ball
1-2: Strikes out swinging
Batting: RHB Félix Martínez 0-0: Ball
1-0: Foul Ball, location: 2F
1-1: Ball
2-1: Ground out 4-3 (Groundball, 4M)
Bottom of the 5th over - 0 runs, 0 hits, 0 errors, 0 left on base; Ottawa 2 - Casper 6
TOP OF THE 6TH
Ottawa Nationals batting - Pitching for Casper Ghosts : RHP Robert Cagle
Batting: LHB José Gómez 0-0: Ball
1-0: Ball
2-0: Ball
3-0: Called Strike
3-1: Foul Ball, location: 2F
3-2: Fly out, F8 (Line Drive, 8LD)
Batting: RHB Mike Jennings 0-0: Called Strike
0-1: Fly out, F9 (Flyball, 89D)
Batting: RHB Juan Román 0-0: Called Strike
0-1: Swinging Strike
0-2: Ball
1-2: Ball
2-2: Ball
3-2: Foul Ball, location: 2F
3-2: Fly out, F8 (Line Drive, 8RM)
Top of the 6th over - 0 runs, 0 hits, 0 errors, 0 left on base; Ottawa 2 - Casper 6
BOTTOM OF THE 6TH
Casper Ghosts batting - Pitching for Ottawa Nationals : RHP Fernando Espinosa
Batting: RHB Juan Hernández 0-0: Fly out, F8 (Flyball, 8LS)
Batting: LHB Ronald Anderson 0-0: Ball
1-0: Fly out, F8 (Line Drive, 89D)
Batting: RHB José Córdova 0-0: Ground out 5-3 (Groundball, 5)
Bottom of the 6th over - 0 runs, 0 hits, 0 errors, 0 left on base; Ottawa 2 - Casper 6
TOP OF THE 7TH
Ottawa Nationals batting - Pitching for Casper Ghosts : RHP Robert Cagle
Pitching: RHP Wong Fei-Hung
Batting: LHB Jesús Mancía 0-0: Called Strike
0-1: Called Strike
0-2: Foul Ball, location: 2F
0-2: Foul Ball, location: 2F
0-2: Ball
1-2: Strikes out swinging
Batting: RHB Jorge Cortés 0-0: Ball
1-0: Foul Ball, location: 2F
1-1: Swinging Strike
1-2: Strikes out looking
Batting: RHB Eduardo Morales 0-0: Ball
1-0: Fly out, F6 (Popup, 6S)
Top of the 7th over - 0 runs, 0 hits, 0 errors, 0 left on base; Ottawa 2 - Casper 6
BOTTOM OF THE 7TH
Casper Ghosts batting - Pitching for Ottawa Nationals : RHP Fernando Espinosa
Batting: RHB Derek Bangert 0-0: Swinging Strike
0-1: Ball
1-1: Called Strike
1-2: Ball
2-2: Ball
3-2: Foul Ball, location: 2F
3-2: Foul Ball, location: 2F
3-2: Strikes out swinging
Batting: RHB Jorge Díaz 0-0: Fly out, F9 (Flyball, 9D)
Batting: RHB Bob Phillips 0-0: Called Strike
0-1: Ball
1-1: Foul Ball, location: 2F
1-2: Strikes out swinging
Bottom of the 7th over - 0 runs, 0 hits, 0 errors, 0 left on base; Ottawa 2 - Casper 6
TOP OF THE 8TH
Ottawa Nationals batting - Pitching for Casper Ghosts : RHP Wong Fei-Hung
Batting: LHB Ken Stroud 0-0: Called Strike
0-1: Foul Ball, location: 2F
0-2: Ball
1-2: SINGLE (Flyball, 6D)
Batting: SHB Tristan Shanks 0-0: Fly out, F9 (Flyball, 9LS)
Batting: RHB Ron Bernard 0-0: Ball
1-0: Called Strike
1-1: Ball
2-1: Ball
3-1: Foul Ball, location: 2F
3-2: Fly out, F7 (Line Drive, 7)
Batting: LHB José Gómez 0-0: Called Strike
0-1: Swinging Strike
0-2: Ball
1-2: Ball
2-2: Strikes out swinging
Top of the 8th over - 0 runs, 1 hit, 0 errors, 1 left on base; Ottawa 2 - Casper 6
BOTTOM OF THE 8TH
Casper Ghosts batting - Pitching for Ottawa Nationals : RHP Fernando Espinosa
Batting: RHB Steve Weber 0-0: Called Strike
0-1: Ball
1-1: Foul Ball, location: 2F
1-2: Strikes out swinging
Batting: RHB Félix Ramos 0-0: Called Strike
0-1: Ball
1-1: Swinging Strike
1-2: Strikes out swinging
Batting: RHB Félix Martínez 0-0: Called Strike
0-1: Foul Ball, location: 2F
0-2: Ball
1-2: SINGLE (Groundball, 6MD)
Batting: RHB Juan Hernández 0-0: Fly out, F3 (Popup, 23F)
Bottom of the 8th over - 0 runs, 1 hit, 0 errors, 1 left on base; Ottawa 2 - Casper 6
TOP OF THE 9TH
Ottawa Nationals batting - Pitching for Casper Ghosts : RHP Wong Fei-Hung
Pitching: RHP Ignacio Ayala
Batting: RHB Mike Jennings 0-0: Ball
1-0: Fly out, F9 (Flyball, 9LSF)
Batting: RHB Juan Román 0-0: Swinging Strike
0-1: Ball
1-1: Fly out, F8 (Flyball, 8LD)
Batting: LHB Jesús Mancía 0-0: Foul Ball, location: 2F
0-1: Called Strike
0-2: Strikes out swinging
Top of the 9th over - 0 runs, 0 hits, 0 errors, 0 left on base; Ottawa 2 - Casper 6
Tuesday, December 19th, 2017 - OOTP Baseball 18.8 Build 76